[ AOE2 MATCH · #505072769 ]
UnrankedAztecs vs Cumans
Player's team · WIN
Rival team · LOSS
[ REPLAY ANALYSIS · EXTRACTED FROM THE RECORDED GAME ]
Feudal
8:52
Castle
22:43
Imperial
39:52
| APM avg | 68.9 |
| APM peak | 110 |
| eAPM avg | 35.1 |
| Villagers / military | 242 / 576 |
Focus
⚔️ 52.2% · 🌾 47.8%
Spearman ×227 · Eagle Scout ×198 · Skirmisher ×102 · Archer ×26 · Trebuchet (Packed) ×13 · Monk ×10
Feudal
8:30
Castle
27:09
Imperial
39:33
| APM avg | 91.2 |
| APM peak | 143 |
| eAPM avg | 45.7 |
| Villagers / military | 229 / 778 |
Focus
⚔️ 64.0% · 🌾 36.0%
Scout Cavalry ×463 · Kipchak ×221 · Steppe Lancer ×56 · Skirmisher ×10 · Archer ×9 · Trebuchet (Packed) ×9
Match map
Initial resources + every placement click. Lines = walls · curves = elevation contours. ◆ gold · ⬟ stone · ● berries · ✦ relic · ◌ wall gap
Your base· Open — unwalled flank
DS_Gali's base· ✓ Closed at 27:09 · 27t walls · 1 gate(s)
Smoothed initial terrain · ◌ = detected wall gap · hover for details
Inputs per minute
— bruh - - DS_Gali
Build order — bruh
First 150 of 726 actions detected
| 0:00 | Queue | Villager (Male) |
| 0:00 | Queue | Villager (Male) |
| 0:01 | Queue | Villager (Male) |
| 0:01 | Build | House |
| 0:03 | Build | House |
| 0:19 | Queue | Villager (Male) |
| 1:34 | Queue | Villager (Male) |
| 1:44 | Build | Lumber Camp |
| 2:07 | Queue | Villager (Male) |
| 2:27 | Queue | Villager (Male) |
| 2:54 | Queue | Villager (Male) |
| 2:54 | Queue | Villager (Male) |
| 3:35 | Queue | Villager (Male) |
| 3:50 | Build | House |
| 3:56 | Queue | Villager (Male) |
| 4:25 | Queue | Villager (Male) |
| 4:47 | Queue | Villager (Male) |
| 5:04 | Queue | Villager (Male) |
| 5:20 | Queue | Villager (Male) |
| 5:45 | Research | Loom |
| 5:58 | Build | Mill |
| 6:07 | Build | Mill |
| 6:14 | Queue | Villager (Male) |
| 6:39 | Research | Feudal Age |
| 7:15 | Build | Mining Camp |
| 7:27 | Build | House |
| 8:02 | Build | Barracks |
| 8:27 | Queue | Villager (Male) |
| 8:52 | Age | Feudal Age |
| 8:52 | Queue | Villager (Male) |
| 9:00 | Build | Archery Range |
| 9:01 | Queue | Spearman |
| 9:04 | Queue | Villager (Male) |
| 9:15 | Queue | Eagle Scout |
| 9:16 | Queue | Villager (Male) |
| 9:32 | Queue | Villager (Male) |
| 9:36 | Build | Palisade Wall |
| 9:37 | Build | Palisade Wall |
| 9:40 | Build | Palisade Wall |
| 9:43 | Build | Palisade Wall |
| 9:43 | Build | Palisade Wall |
| 9:44 | Queue | Villager (Male) |
| 9:45 | Queue | Archer |
| 9:45 | Queue | Archer |
| 9:56 | Build | House |
| 10:03 | Queue | Eagle Scout |
| 10:17 | Build | House |
| 10:20 | Queue | Villager (Male) |
| 10:36 | Build | House |
| 10:39 | Queue | Archer |
| 11:07 | Queue | Villager (Male) |
| 11:25 | Queue | Archer |
| 11:32 | Build | Blacksmith |
| 12:08 | Research | Double-Bit Axe |
| 12:08 | Research | Double-Bit Axe |
| 12:13 | Queue | Spearman |
| 12:16 | Queue | Archer |
| 12:20 | Research | Fletching |
| 12:20 | Research | Fletching |
| 12:34 | Queue | Villager (Male) |
| 12:35 | Build | Farm |
| 12:47 | Queue | Archer |
| 12:55 | Build | House |
| 12:57 | Queue | Villager (Male) |
| 13:01 | Build | Farm |
| 13:05 | Build | Farm |
| 13:27 | Queue | Villager (Male) |
| 13:40 | Queue | Archer |
| 13:51 | Queue | Villager (Male) |
| 13:58 | Build | House |
| 14:03 | Build | Farm |
| 14:05 | Build | Farm |
| 14:06 | Queue | Archer |
| 14:15 | Build | Farm |
| 14:20 | Build | House |
| 14:22 | Build | Palisade Wall |
| 14:28 | Queue | Villager (Male) |
| 14:28 | Queue | Villager (Male) |
| 14:49 | Build | Farm |
| 14:50 | Queue | Archer |
| 15:03 | Queue | Archer |
| 15:05 | Build | Archery Range |
| 15:10 | Queue | Villager (Male) |
| 15:26 | Queue | Villager (Male) |
| 15:28 | Build | Farm |
| 15:37 | Queue | Villager (Male) |
| 15:39 | Build | Farm |
| 15:45 | Queue | Archer |
| 15:47 | Queue | Archer |
| 15:57 | Build | Farm |
| 16:16 | Queue | Villager (Male) |
| 16:48 | Queue | Villager (Male) |
| 16:49 | Queue | Villager (Male) |
| 16:56 | Queue | Villager (Male) |
| 16:56 | Queue | Archer |
| 16:56 | Queue | Archer |
| 17:00 | Build | Farm |
| 17:02 | Build | Farm |
| 17:04 | Build | Farm |
| 17:04 | Queue | Villager (Male) |
| 17:07 | Build | Farm |
| 17:10 | Queue | Archer |
| 17:10 | Queue | Archer |
| 17:29 | Build | Farm |
| 17:31 | Build | Farm |
| 17:36 | Queue | Archer |
| 17:36 | Queue | Archer |
| 17:41 | Build | House |
| 18:15 | Queue | Archer |
| 18:16 | Queue | Archer |
| 18:27 | Queue | Villager (Male) |
| 18:41 | Queue | Villager (Male) |
| 19:38 | Queue | Villager (Male) |
| 19:50 | Queue | Archer |
| 19:51 | Queue | Archer |
| 20:01 | Research | Castle Age |
| 20:11 | Queue | Spearman |
| 20:30 | Queue | Spearman |
| 20:33 | Queue | Archer |
| 20:33 | Queue | Archer |
| 20:41 | Queue | Eagle Scout |
| 20:56 | Build | Barracks |
| 21:00 | Queue | Archer |
| 21:02 | Queue | Archer |
| 21:04 | Queue | Eagle Scout |
| 21:11 | Research | Gold Mining |
| 21:12 | Research | Gold Mining |
| 21:16 | Build | Farm |
| 21:17 | Build | Farm |
| 21:25 | Build | Farm |
| 21:26 | Build | Farm |
| 21:29 | Queue | Eagle Scout |
| 21:42 | Queue | Eagle Scout |
| 21:42 | Queue | Eagle Scout |
| 22:23 | Queue | Eagle Scout |
| 22:36 | Queue | Eagle Scout |
| 22:40 | Research | Scale Mail Armor |
| 22:43 | Age | Castle Age |
| 22:49 | Research | Eagle Warrior (upgrade) |
| 23:02 | Build | Town Center |
| 23:06 | Build | Farm |
| 23:08 | Queue | Eagle Scout |
| 23:14 | Research | Squires |
| 23:15 | Queue | Villager (Male) |
| 23:17 | Build | Barracks |
| 23:20 | Build | Farm |
| 23:23 | Queue | Eagle Scout |
| 23:30 | Build | Mining Camp |
| 23:37 | Build | Monastery |
| 23:45 | Research | Chain Mail Armor |
Build order — DS_Gali
First 150 of 812 actions detected
| 0:00 | Queue | Villager (Male) |
| 0:02 | Build | House |
| 0:04 | Build | House |
| 0:09 | Queue | Villager (Male) |
| 0:10 | Queue | Villager (Male) |
| 0:10 | Queue | Villager (Male) |
| 1:33 | Queue | Villager (Male) |
| 1:58 | Queue | Villager (Male) |
| 1:58 | Queue | Villager (Male) |
| 2:13 | Build | Lumber Camp |
| 2:30 | Queue | Villager (Male) |
| 2:32 | Queue | Villager (Male) |
| 2:32 | Queue | Villager (Male) |
| 3:16 | Queue | Villager (Male) |
| 3:17 | Queue | Villager (Male) |
| 3:52 | Build | House |
| 4:06 | Queue | Villager (Male) |
| 4:06 | Queue | Villager (Male) |
| 4:06 | Queue | Villager (Male) |
| 4:34 | Build | House |
| 4:38 | Build | Mill |
| 4:48 | Queue | Villager (Male) |
| 5:41 | Research | Loom |
| 6:20 | Research | Feudal Age |
| 6:20 | Research | Feudal Age |
| 7:08 | Build | Barracks |
| 7:28 | Queue | Villager (Male) |
| 8:15 | Queue | Villager (Male) |
| 8:30 | Age | Feudal Age |
| 8:31 | Build | Stable |
| 8:32 | Research | Double-Bit Axe |
| 8:38 | Queue | Villager (Male) |
| 8:40 | Research | Horse Collar |
| 9:09 | Build | Farm |
| 9:12 | Queue | Scout Cavalry |
| 9:15 | Build | Farm |
| 9:31 | Build | Farm |
| 9:33 | Queue | Villager (Male) |
| 9:47 | Queue | Scout Cavalry |
| 9:51 | Build | House |
| 10:07 | Queue | Villager (Male) |
| 10:07 | Queue | Villager (Male) |
| 10:16 | Build | Archery Range |
| 10:20 | Build | House |
| 10:34 | Queue | Villager (Male) |
| 11:04 | Queue | Scout Cavalry |
| 11:05 | Queue | Villager (Male) |
| 11:08 | Build | Farm |
| 11:20 | Build | Mining Camp |
| 11:24 | Queue | Archer |
| 11:25 | Queue | Villager (Male) |
| 11:31 | Build | Palisade Wall |
| 11:41 | Build | Palisade Wall |
| 11:43 | Queue | Villager (Male) |
| 11:53 | Queue | Scout Cavalry |
| 12:00 | Queue | Skirmisher |
| 12:10 | Build | House |
| 12:22 | Queue | Villager (Male) |
| 12:25 | Build | Farm |
| 12:30 | Queue | Archer |
| 12:36 | Queue | Villager (Male) |
| 12:49 | Queue | Villager (Male) |
| 12:50 | Build | House |
| 12:55 | Build | Farm |
| 13:08 | Queue | Archer |
| 13:18 | Build | Farm |
| 13:20 | Queue | Villager (Male) |
| 13:31 | Queue | Scout Cavalry |
| 13:35 | Build | Farm |
| 13:45 | Build | Farm |
| 13:55 | Queue | Archer |
| 13:58 | Queue | Villager (Male) |
| 14:00 | Build | Palisade Wall |
| 14:07 | Build | Farm |
| 14:12 | Queue | Villager (Male) |
| 14:27 | Queue | Archer |
| 14:29 | Queue | Villager (Male) |
| 14:40 | Build | House |
| 14:48 | Queue | Villager (Male) |
| 14:49 | Build | Blacksmith |
| 14:58 | Queue | Scout Cavalry |
| 15:08 | Queue | Villager (Male) |
| 15:15 | Queue | Archer |
| 15:27 | Research | Fletching |
| 15:33 | Build | Farm |
| 15:34 | Build | Farm |
| 15:43 | Queue | Villager (Male) |
| 15:45 | Build | Farm |
| 15:53 | Build | House |
| 15:56 | Build | House |
| 16:07 | Queue | Villager (Male) |
| 16:12 | Queue | Villager (Male) |
| 16:17 | Queue | Archer |
| 16:19 | Queue | Villager (Male) |
| 16:23 | Queue | Villager (Male) |
| 16:33 | Queue | Villager (Male) |
| 16:37 | Queue | Villager (Male) |
| 16:42 | Queue | Villager (Male) |
| 16:48 | Queue | Villager (Male) |
| 16:50 | Queue | Archer |
| 16:58 | Build | Farm |
| 16:59 | Build | Farm |
| 17:21 | Queue | Archer |
| 17:22 | Queue | Scout Cavalry |
| 17:28 | Build | Town Center |
| 17:43 | Queue | Scout Cavalry |
| 17:46 | Research | Scale Barding Armor |
| 17:46 | Research | Scale Barding Armor |
| 17:48 | Queue | Villager (Male) |
| 17:55 | Build | Mining Camp |
| 18:02 | Queue | Villager (Male) |
| 18:07 | Queue | Skirmisher |
| 18:09 | Queue | Villager (Male) |
| 18:20 | Research | Bloodlines |
| 18:21 | Queue | Scout Cavalry |
| 18:34 | Queue | Skirmisher |
| 18:44 | Queue | Villager (Male) |
| 18:45 | Queue | Villager (Male) |
| 18:46 | Build | Farm |
| 19:03 | Queue | Skirmisher |
| 19:04 | Queue | Villager (Male) |
| 19:17 | Queue | Villager (Male) |
| 19:22 | Queue | Skirmisher |
| 19:30 | Queue | Skirmisher |
| 19:38 | Queue | Villager (Male) |
| 19:41 | Build | Watch Tower |
| 19:47 | Queue | Skirmisher |
| 19:52 | Queue | Villager (Male) |
| 19:54 | Build | Farm |
| 19:56 | Queue | Villager (Male) |
| 20:11 | Queue | Villager (Male) |
| 20:19 | Queue | Skirmisher |
| 20:21 | Queue | Villager (Male) |
| 20:31 | Build | House |
| 20:33 | Queue | Villager (Male) |
| 20:37 | Queue | Scout Cavalry |
| 20:42 | Build | Farm |
| 20:43 | Build | Farm |
| 20:43 | Build | Farm |
| 20:43 | Build | Farm |
| 20:43 | Build | Farm |
| 20:47 | Build | Watch Tower |
| 20:52 | Queue | Scout Cavalry |
| 21:06 | Build | Watch Tower |
| 21:07 | Queue | Skirmisher |
| 21:09 | Queue | Villager (Male) |
| 21:10 | Build | Farm |
| 21:22 | Queue | Villager (Male) |
| 21:22 | Queue | Villager (Male) |
| 21:26 | Build | Farm |
Match timeline
| 7:08 | DS_Gali · first_building Barracks |
| 8:02 | bruh · first_building Barracks |
| 8:30 | DS_Gali · age_up feudal |
| 8:31 | DS_Gali · first_building Stable |
| 8:52 | bruh · age_up feudal |
| 9:00 | bruh · first_building Archery Range |
| 9:36 | bruh · wall_segment Palisade Wall x8 |
| 9:37 | bruh · wall_segment Palisade Wall x4 |
| 9:40 | bruh · wall_segment Palisade Wall x5 |
| 9:43 | bruh · wall_segment Palisade Wall x6 |
| 9:43 | bruh · wall_segment Palisade Wall x1 |
| 10:16 | DS_Gali · first_building Archery Range |
| 11:31 | DS_Gali · wall_segment Palisade Wall x6 |
| 11:41 | DS_Gali · wall_segment Palisade Wall x12 |
| 14:00 | DS_Gali · wall_segment Palisade Wall x4 |
| 14:22 | bruh · wall_segment Palisade Wall x1 |
| 22:43 | bruh · age_up castle |
| 23:37 | bruh · first_building Monastery |
| 24:17 | DS_Gali · first_market_buy 100 food |
| 25:21 | DS_Gali · wall_segment Palisade Wall x1 |
| 25:22 | DS_Gali · wall_segment Palisade Wall x1 |
| 25:24 | DS_Gali · wall_segment Palisade Wall x1 |
| 26:35 | DS_Gali · wall_segment Palisade Wall x1 |
| 26:38 | DS_Gali · wall_segment Palisade Wall x1 |
| 27:09 | DS_Gali · age_up castle |
| 28:48 | DS_Gali · first_building Monastery |
| 29:27 | bruh · first_market_buy 100 food |
| 30:07 | bruh · first_market_sell 100 wood |
| 31:31 | bruh · wall_segment Palisade Wall x1 |
| 31:32 | bruh · wall_segment Palisade Wall x1 |
| 33:28 | DS_Gali · first_building Castle |
| 34:16 | bruh · wall_segment Stone Wall x1 |
| 36:22 | DS_Gali · first_market_sell 100 food |
| 36:37 | bruh · first_building Castle |
| 39:33 | DS_Gali · age_up imperial |
| 39:52 | bruh · age_up imperial |
| 42:46 | DS_Gali · wall_segment Palisade Wall x6 |
| 63:45 | DS_Gali · resign |
[ AI ANALYSIS · 1 CREDIT ]
What really happened in this match?
Wolo.gg analyzes every decision: build order, eco, micro, common mistakes by bracket. Personalized analysis on WhatsApp or Discord in 30 seconds.
Civ guide
Aztecs
Perfil
Jugador #2135484